 Dungeon Crawl Stone Soup version 0.29-a0-284-gf9362112df (webtiles) character file.

Game seed: 661762435178614236

41 sammy202020 the Skirmisher (level 3, -4/43 HPs)
             Began as a Demonspawn Berserker on Mar 31, 2022.
             Was a Follower of Trog.
             Slain by an orc
             ... wielding a +0 war axe
              (6 damage)
             ... on level 3 of the Dungeon.
             The game lasted 00:03:15 (2119 turns).

sammy202020 the Skirmisher (Demonspawn Berserker)   Turns: 2119, Time: 00:03:16

Health: -4/43      AC:  6    Str: 17    XL:     3   Next: 32%
Magic:  3/3        EV: 12    Int: 10    God:    Trog [*.....]
Gold:   69         SH:  0    Dex: 12    Spells: 2/2 levels left

rFire   + . .      SeeInvis .   a - +0 spear
rCold   . . .      Faith    .   (no shield)
rNeg    + . .      Spirit   .   c - +2 leather armour {rF+}
rPois   .          Reflect  .   (no helmet)
rElec   .          Harm     .   (no cloak)
rCorr   .          Rampage  .   (no gloves)
Will    .....                   b - +0 pair of boots
Stlth   ..........              (no amulet)
HPRegen 0.14/turn               i - ring of positive energy
MPRegen 0.08/turn               (no ring)

@: berserking, very quick
A: hooves 1
a: Renounce Religion, Berserk


You were on level 3 of the Dungeon.
You worshipped Trog.
Trog was aware of your devotion.
You visited 1 branch of the dungeon, and saw 3 of its levels.

You collected 69 gold pieces.

Inventory:

Hand Weapons
 a - a +0 spear (weapon)
 d - a +3 whip
 k - a +0 hunting sling
Missiles
 h - 10 poisoned darts (quivered)
Armour
 b - a +0 pair of boots (worn)
 c - a +2 leather armour of fire resistance (worn)
Jewellery
 i - a ring of positive energy (left hand)
Scrolls
 e - a scroll of magic mapping {unknown}
 g - a scroll of teleportation {unknown}
 j - a scroll of vulnerability {unknown}
Potions
 f - 2 potions of flight {unknown}
 l - a potion of curing {unknown}
 m - a potion of resistance {unknown}
 n - 2 potions of haste {unknown}


   Skills:
 * Level 3.4 Fighting
 * Level 3.1 Polearms
 * Level 2.3 Armour
 + Level 2.1 Dodging


You had 2 spell levels left.
You didn't know any spells.
Your spell library was empty.

Dungeon Overview and Level Annotations

Branches:
Dungeon (3/15)

Altars:

Shops:
D:1 (?


Innate Abilities, Weirdness & Mutations

You have large cloven feet.


Message History

You reach to attack!
You barely miss the orc.
The orc is heavily wounded.
You hit the orc but do no damage.
The orc is heavily wounded.
The orc closely misses you.
You hit the orc.
You kill the orc!
Trog accepts your kill.
You see here a +0 hand axe.
You hit the orc but do no damage. The orc hits you but does no damage.
The orc priest invokes the aid of Beogh against you.
Beogh smites you!
You hit the orc but do no damage.
The kobold hits you with a +0 short sword.
The orc hits you but does no damage.
You hit the orc but do no damage. The kobold barely misses you.
The orc hits you with a +0 hand axe.
You are too injured to fight recklessly!
You are too injured to fight recklessly!
You are too injured to fight recklessly!
You are too injured to fight recklessly!
You are too injured to fight recklessly!
You are too injured to fight recklessly!
You are too injured to fight recklessly!
You are too injured to fight recklessly!
You are too injured to fight recklessly!
You are too injured to fight recklessly!
You are too injured to fight recklessly!
Unknown command.
A red film seems to cover your vision as you go berserk!
You feel yourself moving faster!
You feel mighty! The kobold hits you but does no damage.
The orc closely misses you.
The orc priest calls down the wrath of Beogh upon you.
Beogh smites you!
* * * LOW HITPOINT WARNING * * *
You barely miss the kobold. The kobold hits you but does no damage.
The orc hits you with a +0 hand axe.
* * * LOW HITPOINT WARNING * * *
The orc hits you with a +0 war axe.
You die...

#.#.# #.#.#
.. #...## ...
##..<#####...
#.#.........
##.##........
#.).#........
#............
#...#@K......
#...#oo>.....
#..<#........
#...#...o....
#..<#........
#####........
#####....
####


You could see an orc priest, 2 orcs and a kobold.

Vanquished Creatures
  An adder (D:2)
  An orc (D:3)
  4 endoplasms (D:2)
  A giant cockroach (D:2)
  5 goblins
  4 hobgoblins (D:1)
  A kobold (D:1)
  2 quokkas (D:1)
  2 ball pythons
  2 bats
  2 frilled lizards
  3 rats
28 creatures vanquished.

Notes
Turn   | Place    | Note
-------+----------+-------------------------------------------
     0 | D:1      | sammy202020 the Demonspawn Berserker began the quest for
                  | the Orb.
     0 | D:1      | Reached XP level 1. HP: 18/18 MP: 1/1
   376 | D:1      | Found Yzxo's Magic Scroll Emporium.
   409 | D:1      | Gained mutation: You have large cloven feet. [demonic
                  | ancestry]
   409 | D:1      | Reached XP level 2. HP: 24/24 MP: 2/2
   632 | D:1      | Found a faded altar of an unknown god.
   755 | D:1      | Found Ytriphudd's Antique Weapon Emporium.
  1192 | D:2      | Reached XP level 3. HP: 15/29 MP: 3/3
  2119 | D:3      | HP: 2/43 [orc/+0 hand axe (3)]
  2119 | D:3      | Slain by an orc

Illustrated notes

Levels and vault maps discovered:
D:1:      dpeg_arrival_rooms_a, layout_rooms, basic_ecumenical_altar,
          serial_shops, nicolae_shop_advertising_works
          [nicolae_subvault_shop_adworks], shop, interstate_on_off
D:2:      layout_basic
D:3:      layout_rooms

Skill      XL: |  1  2 |
---------------+-------+-----
Armour         | 2 |  2.3
Dodging        | 2 |  2.1
Polearms       | 3 |  3.1
Fighting       | |  3.4

Action                   || total
-------------------------++-------
Melee: Spear             ||   105
       Punch             ||     1
Invok: Berserk           ||     1
 Stab: Sleeping          ||     1
Armor: Leather armour    ||    27
Dodge: Dodged            ||    43

Table legend: (Time is in decaauts)
 A = Elapsed time spent in this place.
 B = Non-inter-level travel time spent in this place.
 C = Inter-level travel time spent in this place.
 D = Time resting spent in this place.
 E = Time spent auto-exploring this place.
 F = Levels seen in this place.
 G = Mean time per level.
                   A        B        C        D        E       F      G
               +--------+--------+--------+--------+--------+-----+--------+
         Total |   2113 |   2099 |     14 |      0 |   1738 |   3 |  704.3 |
       Dungeon |   2113 |   2099 |     14 |      0 |   1738 |   3 |  704.3 |
               +--------+--------+--------+--------+--------+-----+--------+

Top non-repeatable levels by time:
     D:2: 1172 daAuts
     D:1: 920 daAuts
     D:3: 20 daAuts
